 Dungeon Crawl Stone Soup version 0.25.0-46-gbd7b0854d2 (webtiles) character file.

Game seed: 15500209691640911399

440 Ethylacetat the Poker (level 7, 0/65 (66) HPs)
             Began as a Naga Gladiator on July 13, 2020.
             Killed from afar by a dart slug (1 damage)
             ... with a slug dart
             ... on level 4 of the Dungeon.
             The game lasted 00:08:50 (3418 turns).

Ethylacetat the Poker (Naga Gladiator)              Turns: 3418, Time: 00:08:50

HP:   0/65 (66)     AC:  5    Str: 18    XL:     7   Next: 2%
MP:   7/7           EV: 10    Int:  9    God:
Gold: 221           SH:  0    Dex: 12    Spells: 6/6 levels left

rFire    . . .     SeeInvis +   a - +1 trident
rCold    . . .     Gourm    .   (no shield)
rNeg     . . .     Faith    .   b - +0 leather armour
rPois    +         Spirit   .   c - +1 helmet
rElec    .         Reflect  .   (no cloak)
rCorr    .         Harm     .   (no gloves)
MR       .....                  (no barding)
Stlth    +.........             (no amulet)
HPRegen  0.20/turn              (no ring)
MPRegen  0.10/turn              (no ring)

@: very slow
A: large, see invisible, deformed body, poison resistance, slowness 2, slow
metabolism 1, spit poison 1, AC +2
a: Spit Poison


You were on level 4 of the Dungeon.
You were not hungry.

You visited 1 branch of the dungeon, and saw 4 of its levels.

You collected 221 gold pieces.

Inventory:

Hand Weapons
 a - a +1 trident (weapon)
Missiles
 d - 2 throwing nets (quivered)
Armour
 b - a +0 leather armour (worn)
 c - a +1 helmet (worn)
Jewellery
 o - an uncursed ring of flight {unknown}
Scrolls
 e - 5 scrolls of identify {unknown}
 r - a scroll of fog {unknown}
Potions
 j - a potion of lignification {unknown}
 k - a potion of brilliance {unknown}
 n - a potion of stabbing {unknown}
 q - a potion of invisibility {unknown}
 s - a potion of curing {unknown}
Comestibles
 f - 5 rations
 g - 3 chunks of flesh


   Skills:
 + Level 4.4 Fighting
 * Level 6.5 Polearms
 - Level 1.7 Throwing
 - Level 2.4 Dodging


You had 6 spell levels left.
You didn't know any spells.
Your spell library was empty.

Dungeon Overview and Level Annotations

Branches:
Dungeon (4/15)
 Temple: D:4-7

Altars:
Yredelemnul
The Shining One

Annotations:
D:3 1 runed translucent door, Alannah's ghost, amateur DsHu
D:4 Robin


Innate Abilities, Weirdness & Mutations

You cannot wear boots.
Your serpentine skin is tough. (AC +2)
You have supernaturally acute eyesight. (SInv)
Armour fits poorly on your strangely shaped body.
Your system is resistant to poisons. (rPois)
You cover ground very slowly.
You have a slow metabolism.
You can spit poison.


Message History

As you read the scroll labeled QIATUI GIQUPU, it crumbles to dust.
It is a scroll of enchant armour.
Your +0 helmet glows green for a moment.
The hobgoblin closely misses you. The goblin barely misses you. x2
The goblin hits you but does no damage. The leopard gecko bites you.
* * * LOW HITPOINT WARNING * * *
The hobgoblin hits you but does no damage.
The dart slug closely misses you. The goblin hits you but does no damage.
As you read the scroll labeled SOXECW RAOMN, it crumbles to dust.
You hear a loud clanging noise!
It was a scroll of noise.
You hear an angry hiss. x2
The hobgoblin hits you but does no damage.
The goblin closely misses you.
The goblin hits you but does no damage. x2
The leopard gecko barely misses you.
The hobgoblin hits you but does no damage.
The goblin hits you but does no damage. The dart slug launches a dart at you.
The slug dart hits you.
You die...

...## #.............#
#....######..##........#
............####......##
...........## ##.....#
...........# ###...##
...........# ##...#
........#.#....# ##...
......lggg#..... ###.
......g@ggg...... ##
......ggw#.....g. #
...(...gg......g.
........#........
...............
...............
....####....... ...#
.......


You could see Robin, a dart slug, a leopard gecko, 3 hobgoblins and 7 goblins.

Vanquished Creatures
  An ogre (D:4)
  A necrophage (D:2)
  2 hounds (D:3)
  An orc wizard (D:3)
  5 gnolls
  4 adders
  An ooze (D:2)
  A dart slug (D:3)
  3 worms
  A leopard gecko (D:1)
  9 orcs
  A ball python (D:2)
  9 giant cockroaches
  2 gnoll zombies (D:2)
  6 goblins
  5 hobgoblins
  3 jackals (D:1)
  2 quokkas (D:3)
  8 bats
  4 frilled lizards
  9 kobolds
  8 rats
86 creatures vanquished.

Notes
Turn   | Place    | Note
-------+----------+-------------------------------------------
     0 | D:1      | Ethylacetat the Naga Gladiator began the quest for the Orb.
     0 | D:1      | Reached XP level 1. HP: 19/19 MP: 1/1
   256 | D:1      | Reached XP level 2. HP: 26/26 MP: 2/2
   575 | D:1      | Reached XP level 3. HP: 26/33 MP: 3/3
  1156 | D:2      | Noticed a necrophage
  1171 | D:2      | Killed a necrophage
  1171 | D:2      | Reached skill level 4 in Polearms
  1171 | D:2      | Reached XP level 4. HP: 29/41 MP: 4/4
  1171 | D:2      | Reached XP level 5. HP: 34/48 MP: 5/5
  1463 | D:2      | Found a basalt altar of Yredelemnul.
  1514 | D:2      | Reached skill level 5 in Polearms
  1833 | D:2      | You fall into a shaft and drop 2 floors!
  1894 | D:4      | Noticed an ogre
  2526 | D:2      | Found a glowing golden altar of the Shining One.
  2639 | D:3      | Noticed Alannah's ghost (amateur DsHu)
  2641 | D:3      | Found a runed translucent door.
  2705 | D:3      | Reached XP level 6. HP: 48/56 MP: 6/6
  2794 | D:3      | Reached skill level 6 in Polearms
  3394 | D:4      | Reached XP level 7. HP: 65/65 MP: 7/7
  3399 | D:4      | Noticed Robin
  3417 | D:4      | HP: 1/65 [leopard gecko (4)]
  3418 | D:4      | Killed from afar by a dart slug

Illustrated notes

Levels and vault maps discovered:
D:1:      dpeg_arrival_pits, layout_basic, minmay_hedge_maze, hex_intersection
D:2:      layout_basic, lemuel_zombie_altar_yredelemnul, tso_altar,
          hangedman_abyss_or_decor_stabs
D:3:      layout_basic, hellmonk_ghost_happy_afterlife,
          hangedman_decor_clover_reticule, cheibrodos_gnoll_hut
D:4:      layout_cave_pods, serial_shops, shop, uniq_robin

Skill      XL: |  1  2  3  4  5  6 |
---------------+-------------------+-----
Fighting       | 3 4 |  4.4
Polearms       | 4 5 6 |  6.5
Throwing       | |  1.7
Dodging        | |  2.4

Action                   |  1- 3 |  4- 6 |  7- 9 || total
-------------------------+-------+-------+-------++-------
Melee: Trident           |   117 |   155 |    10 ||   282
Throw: Throwing net      |     1 |     1 |       ||     2
 Abil: Spit Poison       |    17 |    28 |       ||    45
  Use: Scroll            |       |       |     5 ||     5
 Stab: Sleeping          |     1 |       |       ||     1
  Eat: Chunk             |     1 |     8 |       ||     9
Armor: Leather armour    |    47 |    45 |    33 ||   125
Dodge: Dodged            |    86 |    77 |    44 ||   207
